 Dungeon Crawl Stone Soup version 0.21.0-3-g78d12a8 (webtiles) character file.

620 komo4ek the Bolt Thrower (level 7, -6/56 HPs)
             Began as a Human Hunter on Jan 17, 2018.
             Was an Initiate of Fedhas.
             Mangled by a wight
             ... wielding a cursed +2 battleaxe
              (15 damage)
             ... on level 5 of the Dungeon.
             The game lasted 00:13:48 (6071 turns).

komo4ek the Bolt Thrower (Human Hunter)             Turns: 6071, Time: 00:13:49

Health: -6/56      AC:  5    Str: 14 (16) XL:     7   Next: 74%
Magic:  7/7        EV: 14    Int:  9 (11) God:    Fedhas [......]
Gold:   260        SH:  0    Dex: 14 (15) Spells: 6/6 levels left

rFire    + . .     SeeInvis .   r - +1 dagger (drain)
rCold    + . .     Gourm    .   (no shield)
rNeg     . . .     Faith    .   i - +1 leather armour {MR+}
rPois    +         Spirit   .   (no helmet)
rElec    +         Reflect  .   (no cloak)
rCorr    +         Harm     .   (no gloves)
MR       +....     Rnd*Tele +   g - +0 pair of boots
Stlth    +.........             y - amulet of magic regeneration
HPRegen  0.18/turn              A - +3 ring of strength
MPRegen  0.35/turn              x - ring of teleportation (curse)

@: resistant, hasted, drained, very quick
A: no striking features
a: Fungal Bloom, Renounce Religion


You were on level 5 of the Dungeon.
You worshipped Fedhas.
Fedhas was noncommittal.
You were hungry.

You visited 1 branch of the dungeon, and saw 6 of its levels.

You collected 260 gold pieces.

Inventory:

Hand Weapons
 a - a +1 hand crossbow
 r - a +1 dagger of draining (weapon)
Missiles
 d - 34 bolts
 h - 144 stones (quivered)
 m - 18 sling bullets
 q - 21 poisoned needles
Armour
 g - a +0 pair of boots (worn)
 i - a +1 leather armour of magic resistance (worn)
 n - a +0 pair of gloves
Jewellery
 u - an uncursed ring of protection from cold
 x - a cursed ring of teleportation (right hand)
 y - an amulet of magic regeneration (around neck)
 A - a +3 ring of strength (left hand)
Scrolls
 b - a scroll of enchant armour {unknown}
 k - a scroll of enchant weapon {unknown}
 o - a scroll of remove curse {unknown}
 t - 2 scrolls of identify {unknown}
 v - a scroll of random uselessness {unknown}
 w - a scroll of amnesia {unknown}
 F - a scroll of teleportation {unknown}
Potions
 j - a potion of degeneration
 l - a potion of might {unknown}
 p - a potion of berserk rage {unknown}
 s - a potion of cancellation {unknown}
 z - 2 potions of ambrosia {unknown}
 B - a potion of mutation {unknown}
 C - 2 potions of curing {unknown}
 D - 2 potions of agility {unknown}
Comestibles
 f - 5 rations


   Skills:
 - Level 5.1(4.7) Fighting
 + Level 5.6(5.1) Crossbows
 - Level 5.1(4.7) Dodging
 - Level 1.0(0.6) Stealth


You had 6 spell levels left.
You didn't know any spells.

Dungeon Overview and Level Annotations

Branches:
Dungeon (6/15)
 Temple: D:4-7

Altars:
Fedhas
Trog
The Shining One


Message History

The wight closely misses you.
You hit the wight.
The wight is heavily damaged.
You hit the wight.
The wight is severely damaged.
The wight hits you with an enchanted battleaxe!
You feel drained.
You hit the wight but do no damage.
The wight is severely damaged.
The wight hits you with an enchanted battleaxe!
You hit the wight but do no damage.
The wight is severely damaged.
The wight hits you with an enchanted battleaxe!
* * * LOW HITPOINT WARNING * * *
It was a potion of haste.
You feel yourself speed up.
It was a potion of resistance.
You feel protected.
The wight hits you with an enchanted battleaxe!
You die...
Fedhas appreciates your contribution to the ecosystem.

#...........#
#######..#.#.#..#
#.....##.#.#.# #
#.⌠.⌠.##...#.#
#.._..###..#.#
#.⌠.⌠.# #..#..
#.....# #..###
###'#####z.#
#......[@#
##########


You could see a wight.

Vanquished Creatures
  2 ogres (D:4)
  A scorpion (D:3)
  2 orc priests
  3 orc wizards (D:4)
  2 worker ants (D:4)
  An iguana (D:4)
  A howler monkey skeleton (D:4)
  8 adders
  An adder skeleton (D:3)
  A worm (D:4)
  A dart slug (D:1)
  5 leopard geckos
  18 orcs
  7 ball pythons
  3 giant cockroaches
  5 goblins
  9 hobgoblins
  4 jackals
  4 kobolds (D:2)
  3 quokkas
  4 bats
  A frilled lizard (D:3)
  A jackal skeleton (D:5)
  10 rats
  A plant (D:3)
98 creatures vanquished.

Notes
Turn   | Place    | Note
-------+----------+-------------------------------------------
     0 | D:1      | komo4ek the Human Hunter began the quest for the Orb.
     0 | D:1      | Reached XP level 1. HP: 16/16 MP: 1/1
   702 | D:1      | Reached XP level 2. HP: 20/23 MP: 2/2
  1197 | D:1      | Reached XP level 3. HP: 28/28 MP: 3/3
  1502 | D:2      | Found a glowing golden altar of the Shining One.
  1989 | D:2      | Reached XP level 4. HP: 31/35 MP: 4/4
  2839 | D:3      | Reached XP level 5. HP: 20/41 MP: 5/5
  2852 | D:3      | HP: 2/41 [orc/whip (3)]
  3535 | D:3      | Found a bloodstained altar of Trog.
  4348 | D:4      | Reached XP level 6. HP: 48/48 MP: 6/6
  4366 | D:4      | Noticed an ogre
  4491 | D:4      | Noticed an ogre
  4853 | D:4      | Killed an ogre
  4853 | D:4      | Reached skill level 5 in Fighting
  4853 | D:4      | Reached skill level 5 in Dodging
  4853 | D:4      | Reached XP level 7. HP: 49/56 MP: 7/7
  5214 | D:4      | Reached skill level 5 in Crossbows
  5943 | D:5      | Entered Level 5 of the Dungeon
  5975 | D:5      | Found a blossoming altar of Fedhas.
  6037 | D:5      | Became a worshipper of Fedhas Madash
  6071 | D:5      | Mangled by a wight

Skill      XL: |  1  2  3  4  5  6  7 |
---------------+----------------------+-----
Dodging        | 3 4 5 |  5.1
Fighting       | 3 4 5 |  5.1
Crossbows      | 5 |  5.6
Stealth        | |  1.0

Action                   |  1- 3 |  4- 6 |  7- 9 || total
-------------------------+-------+-------+-------++-------
Melee: Short sword       |   129 |       |       ||   129
       Dagger            |       |   207 |   119 ||   326
 Fire: Hand crossbow     |     8 |    56 |    12 ||    76
  Use: Potion            |       |       |     4 ||     4
 Stab: Sleeping          |     1 |     1 |       ||     2
  Eat: Chunk             |     3 |     1 |     2 ||     6
       Ration            |       |     3 |       ||     3
Armor: Leather armour    |    56 |    58 |    24 ||   138
       Skin              |       |       |    25 ||    25
Dodge: Dodged            |   102 |   125 |    99 ||   326
